 Dungeon Crawl Stone Soup version 0.20-a0-830-g2c9a30d (webtiles) character file.

99 Duffy the Chopper (level 4, 0/37 HPs)
             Began as a Demigod Gladiator on Mar 6, 2017.
             Slain by an adder (3 damage)
             ... on level 3 of the Dungeon.
             The game lasted 00:01:06 (971 turns).

Duffy the Chopper (Demigod Gladiator)                Turns: 971, Time: 00:01:06

Health: 0/37       AC:  7    Str: 19    XL:     4   Next: 22%
Magic:  6/6        EV: 12    Int: 12    God:
Gold:   54         SH:  0    Dex: 17    Spells: 3/3 levels left

rFire    . . .     SeeInvis .   a - +0 war axe
rCold    . . .     Gourm    .   o - +0 ring mail
rNeg     . . .     Faith    .   (no shield)
rPois    .         Spirit   .   c - +0 helmet
rElec    .         Reflect  .   (no cloak)
rCorr    .         Harm     +   j - +0 pair of gloves
MR       .....                  (no boots)
Stlth    +.........             m - amulet of harm
Regen    0.2/turn               (no ring)
MPRegen  0.1/turn               (no ring)

@: no status effects
A: high mp 1
a: no special abilities


You were on level 3 of the Dungeon.
You were not hungry.

You visited 1 branch of the dungeon, and saw 3 of its levels.

You collected 54 gold pieces.

Inventory:

Hand Weapons
 a - a +0 war axe (weapon)
Armour
 c - a +0 helmet (worn)
 j - a +0 pair of gloves (worn)
 o - a +0 ring mail (worn)
Jewellery
 m - an amulet of harm (around neck)
Scrolls
 e - a scroll of identify {unknown}
 g - a scroll of blinking {unknown}
 h - a scroll of random uselessness {unknown}
 i - a scroll of enchant weapon {unknown}
 k - 2 scrolls of recharging {unknown}
Comestibles
 f - a bread ration
 l - a royal jelly
 n - 3 chunks of flesh


   Skills:
 + Level 2.8 Fighting
 * Level 4.2 Axes
 - Level 1.7 Throwing
 - Level 2.6 Dodging


You had 3 spell levels left.
You didn't know any spells.

Dungeon Overview and Level Annotations

Branches:
Dungeon (3/15)


Innate Abilities, Weirdness & Mutations

You have an increased reservoir of magic. (+10% MP)


Message History

The hound is lightly wounded.
The gnoll struggles against the net.
The hound struggles against the net.
You hit the hound.
The hound is lightly wounded.
The hound struggles against the net.
The gnoll struggles against the net.
The net rips apart, and the gnoll comes free!
The hound struggles against the net.
The net rips apart, and the hound comes free!
You slash the hound!
You kill the hound!
You have reached level 4!
An adder comes into view.
The adder hisses angrily.
Found a stone staircase leading down.
Found a smoky grey potion.
The adder closely misses you.
A frilled lizard comes into view.
The frilled lizard hisses angrily.
The adder bites you.
You die...

...# ...# ...# #..#
. ##..# #... ...#
.....###.####
#.....>@g...# ###.
.l......S...##!....
#....###g.......#
..........#.....#
#....####.g###.....
## #####.## .##.
###########gg%%$.# #
.....!)....g####...#
..#...#...#.# ####


You could see 3 gnolls, an adder and a frilled lizard.

Vanquished Creatures
  2 hounds
  An adder (D:3)
  A worm (D:2)
  A dart slug (D:1)
  A leopard gecko (D:1)
  2 giant cockroaches (D:1)
  7 goblins
  2 hobgoblins (D:1)
  2 jackals (D:1)
  A bat (D:1)
  A frilled lizard (D:1)
  A kobold (D:1)
  A rat (D:1)
23 creatures vanquished.

Notes
Turn   | Place    | Note
-------+----------+-------------------------------------------
     0 | D:1      | Duffy the Demigod Gladiator began the quest for the Orb.
     0 | D:1      | Reached XP level 1. HP: 17/17 MP: 3/3
     2 | D:1      | Noticed a draconian
     4 | D:1      | Noticed an octopode
     4 | D:1      | Noticed a human
     6 | D:1      | Noticed a tengu
     6 | D:1      | Noticed a merfolk
     8 | D:1      | Noticed a vine stalker
     8 | D:1      | Noticed a demigod
    10 | D:1      | Noticed a formicid
    10 | D:1      | Noticed an ogre
    12 | D:1      | Noticed a centaur
    12 | D:1      | Noticed a demonspawn
    14 | D:1      | Noticed a ghoul
    14 | D:1      | Noticed an elf
    16 | D:1      | Noticed a troll
    16 | D:1      | Noticed a vampire
    18 | D:1      | Noticed a dwarf
    20 | D:1      | Noticed a felid
    22 | D:1      | Noticed a gargoyle
    24 | D:1      | Noticed a naga
    24 | D:1      | Noticed a minotaur
    26 | D:1      | Noticed a spriggan
    26 | D:1      | Noticed a halfling
   229 | D:1      | Reached skill level 3 in Axes
   265 | D:1      | Reached XP level 2. HP: 8/24 MP: 4/4
   915 | D:2      | Reached XP level 3. HP: 29/30 MP: 5/5
   954 | D:3      | Reached skill level 4 in Axes
   959 | D:3      | HP: 1/30 [hound (3)]
   964 | D:3      | Reached XP level 4. HP: 2/37 MP: 6/6
   971 | D:3      | Slain by an adder

Vault maps used:
D:1:      kb_arrival_jail
D:2:      kennysheep_nondescript, cheibrodos_gnoll_hut
D:3:      minmay_roachtagon, lemuel_coloured_pillars_altar, first_bread,
          uniq_sigmund

Skill      XL: |  1  2  3 |
---------------+----------+-----
Fighting       | 2 |  2.8
Axes           | 3 4 |  4.2
Throwing       | |  1.7
Dodging        | |  2.6

Action                   |  1- 3 |  4- 6 || total
-------------------------+-------+-------++-------
Melee: War axe           |    65 |       ||    65
Throw: Throwing net      |     3 |       ||     3
 Stab: Sleeping          |     1 |       ||     1
Armor: Leather armour    |    19 |       ||    19
       Ring mail         |    12 |       ||    12
Dodge: Dodged            |    76 |     1 ||    77
